 Dungeon Crawl Stone Soup version 0.32-a0-893-gf85d74f360 (webtiles) character file.

Game seed: 8884312831272243650

25 GiantSquids the Shooter (level 3, 27/27 HPs)
             Began as a Coglin Hunter on Apr 3, 2024.
             Was a Follower of Uskayaw.
             Quit the game on level 1 of the Dungeon.
             The game lasted 00:00:54 (242 turns).

GiantSquids the Shooter (Coglin Hunter)              Turns: 242, Time: 00:00:55

Health: 27/27      AC:  3    Str: 11    XL:     3   Next: 6%
Magic:  3/3        EV: 11    Int:  8    God:    Uskayaw [*.....]
Gold:   54         SH:  0    Dex: 19    Spells: 2/2 levels left

rFire   . . .        a - +2 sling {Juhanna}
rCold   . . .        d - +0 sling {Cihuaton}
rNeg    . . .        c - +0 leather armour
rPois   .            (no helmet)
rElec   .            (no cloak)
rCorr   .            (no gloves)
SInv    .            (no boots)
Will    .....        (amulet unavailable)
Stlth   ++           (ring unavailable)
HPRegen 0.24/turn    (ring unavailable)
MPRegen 0.08/turn    (no gizmo)

%: no passive effects
@: no status effects
A: off-hand wielding, slow wielding, warmup strikes, no jewellery
a: Invent Gizmo, Renounce Religion, Stomp


You were on level 1 of the Dungeon.
You worshipped Uskayaw.
Uskayaw was noncommittal.
You visited 1 branch of the dungeon, and saw 1 of its levels.

You collected 54 gold pieces.

Inventory:

Hand Weapons
 a - a +2 sling (weapon) {Juhanna}
 d - a +0 sling (offhand) {Cihuaton}
Armour
 c - a +0 leather armour (worn)
Scrolls
 b - a scroll of butterflies
 e - a scroll of amnesia {unknown}
Potions
 f - a potion of attraction {unknown}
 g - a potion of enlightenment {unknown}


   Skills:
 - Level 2.0 Fighting
 + Level 4.5 Ranged Weapons
 - Level 1.7 Dodging
 - Level 0.7 Stealth


You had 2 spell levels left.
You didn't know any spells.
Your spell library was empty.

Dungeon Overview and Level Annotations

Branches:
Dungeon (1/15)

Altars:
Uskayaw


Innate Abilities, Weirdness & Mutations

You can wield a second weapon in your off-hand.
It takes a long time for you to wield or remove held weapons.
Your first few attacks do less damage.
You cannot equip rings or amulets.


Message History

You have reached level 3!
Your experience leads to an increase in your attributes!
Increase (S)trength, (I)ntelligence, or (D)exterity?
You feel agile. x2
Your brain swirls with designs for a neoemergency scope.
You just need some more time...
You see here a dart slug corpse.
Found a short sword and a dagger.
Found a gilded ring.
No target in view!
No target in view!
A giant cockroach comes into view.
Found a spear.
You shoot a sling bullet.
The sling bullet hits the giant cockroach.
The giant cockroach is heavily wounded.
You shoot a sling bullet.
The sling bullet hits the giant cockroach.
The giant cockroach is almost dead.
You shoot a sling bullet.
The sling bullet hits the giant cockroach.
You kill the giant cockroach!
You shoot a sling bullet.
No target in view!
No target in view!
You see here a ring of resist corrosion.
g - a smoky sapphire potion
Found a sling.
Found a faded altar of an unknown god.
Found 4 stones.
You now have 46 gold pieces (gained 13).
Found 8 gold pieces.
Found a stone staircase leading down.
You see here 4 stones.
You now have 54 gold pieces (gained 8).
There is a faded altar of an unknown god here.
You see here a -2 sling.
This altar belongs to (a) Makhleb, (b) Xom or (c) Uskayaw, but you can't tell which.
Press the corresponding letter to learn more about a god, or press enter to convert or escape to cancel.
Uskayaw accepts your prayer! Uskayaw welcomes you!
You can now stomp with the beat.
Are you sure you want to abandon this character and quit the game? (Confirm with "yes".)

.... .... ....... ..%... .......
#..... ..........##.....
##########..........##.....
#######.....(...>................
.....#####...#.###........###....
.....)######.#.#@................
...............#.#......†.#......
....^..#######.......####...####.
...........#...............#####.
...................######.......#
...................# #...#####..
...................# #..## ###
...................# #.)###
...................####†...#


There were no monsters in sight!

Vanquished Creatures
  A dart slug (D:1)
  2 bats (D:1)
  An endoplasm (D:1)
  2 giant cockroaches (D:1)
  A goblin (D:1)
  A hobgoblin (D:1)
  3 jackals (D:1)
  A kobold (D:1)
  2 quokkas (D:1)
  3 ball pythons (D:1)
  2 frilled lizards (D:1)
  2 rats (D:1)
21 creatures vanquished.

Notes
Turn   | Place    | Note
-------+----------+-------------------------------------------
     0 | D:1      | GiantSquids the Coglin Hunter began the quest for the Orb.
     0 | D:1      | Reached XP level 1. HP: 16/16 MP: 1/1
    76 | D:1      | Reached skill level 4 in Ranged Weapons
    76 | D:1      | Reached XP level 2. HP: 22/22 MP: 2/2
   183 | D:1      | Reached XP level 3. HP: 27/27 MP: 3/3
   222 | D:1      | Found a faded altar of an unknown god.
   241 | D:1      | Prayed at the altar of an unknown god.
   241 | D:1      | Became a worshipper of Uskayaw the Reveller
   241 | D:1      | Reached * piety under Uskayaw
   242 | D:1      | Quit the game

Illustrated notes

Levels and vault maps discovered:
D:1:      scummos_arrival_simple_crosswalls, layout_rooms,
          ebering_ecumenical_altar_rust, grunt_decor_arrowhead

Skill      XL: |  1 |
---------------+----+-----
Ranged Weapons | 4 |  4.5
Fighting       | |  2.0
Dodging        | |  1.7
Stealth        | |  0.7

Action                     || total
---------------------------++-------
   Fire: Sling             ||    76
 Armour: Leather armour    ||     7
  Dodge: Dodged            ||     4

Table legend: (Time is in decaauts)
 A = Elapsed time spent in this place.
 B = Non-inter-level travel time spent in this place.
 C = Inter-level travel time spent in this place.
 D = Time resting spent in this place.
 E = Time spent auto-exploring this place.
 F = Levels seen in this place.
 G = Mean time per level.
                   A        B        C        D        E       F      G
               +--------+--------+--------+--------+--------+-----+--------+
         Total |    251 |    251 |      0 |      0 |    157 |   1 |  251.0 |
       Dungeon |    251 |    251 |      0 |      0 |    157 |   1 |  251.0 |
               +--------+--------+--------+--------+--------+-----+--------+

Top non-repeatable levels by time:
     D:1: 251 daAuts
